 Dungeon Crawl Stone Soup version 0.30-a0-779-g7971cf19c3 (webtiles) character file.

Game seed: 8843244708428573067

163253 cforsyth the Convoker (level 17, -6/113 HPs)
             Began as a Tengu Summoner on Feb 17, 2023.
             Was an Initiate of Gozag.
             Shot with a bolt by a naga sharpshooter (11 damage)
             ... on level 4 of the Snake Pit.
             The game lasted 02:01:31 (41806 turns).

cforsyth the Convoker (Tengu Summoner)             Turns: 41806, Time: 02:01:32

Health: -6/113     AC: 16    Str: 10    XL:     17   Next: 83%
Magic:  38/38      EV: 19    Int: 32    God:    Gozag
Gold:   4035       SH: 12    Dex: 11    Spells: 17/48 levels left

rFire   + + .      SeeInvis +    y - +6 dagger "Ekaq" {flame, rElec Will+++ Dex-5}
rCold   + . .      Faith    .    e - +1 kite shield {AC+3}
rNeg    + . .      Spirit   .    D - +3 leather armour {rC+}
rPois   .          Reflect  .    M - +0 mask of the Dragon {Will+ Slay+3 SInv}
rElec   +          Harm     .    v - scarf {repulsion}
rCorr   .          Rampage  .    m - +2 pair of gloves of Unreason {rF+ Int+3}
Will    +++++                    (boots unavailable)
Stlth   ++                       k - amulet of magic regeneration
HPRegen 0.38/turn                w - ring "Hoguofigoo" {rElec rN+ AC+4}
MPRegen 0.66/turn                a - ring "Lishrug" {rElec rF+ Int+6 Dex+2 Slay-3}

@: lethally poisoned (-6 -> -15), flying quickly and evasively, repel missiles,
quick
A: beak, talons 3, nimble flight
a: Renounce Religion, Potion Petition, Call Merchant, Bribe Branch


You were on level 4 of the Snake Pit.
You worshipped Gozag.
Gozag was most pleased with you.
You visited 5 branches of the dungeon, and saw 27 of its levels.
You also visited: Sewer and Volcano.

You collected 9961 gold pieces.
You spent 2125 gold pieces at shops.
You paid 3801 gold pieces to Gozag.

Inventory:

Hand Weapons
 y - the +6 dagger "Ekaq" (weapon) {flame, rElec Will+++ Dex-5}
   (You found it on level 5 of the Lair of Beasts)

   Dex:       It affects your dexterity (-5).
   rElec:     It insulates you from electricity.
   Will:      It greatly increases your willpower.
 G - a +5 war axe of protection
 Z - the +9 mace of Tuhasor {flame, rC+++ Will- rCorr Str-2}
   (You bought it in a shop on level 1 of the Lair of Beasts)

   Str:       It affects your strength (-2).
   rC:        It renders you almost immune to cold.
   rCorr:     It protects you from acid and corrosion.
   Will:      It decreases your willpower.
Armour
 e - a +1 kite shield of protection (worn)
 f - the +7 plate armour of Pleasant Breezes {rPois Int+3}
   (You found it on level 5 of the Dungeon)

   Int:       It affects your intelligence (+3).
   rPois:     It protects you from poison.
 m - the +2 pair of gloves of Unreason (worn) {rF+ Int+3}
   (You acquired it on level 7 of the Dungeon)

   Int:       It affects your intelligence (+3).
   rF:        It protects you from fire.
 v - a scarf of repulsion (worn)
 D - a +3 leather armour of cold resistance (worn)
 M - the +0 mask of the Dragon (worn) {Will+ Slay+3 SInv}
   (You found it on level 15 of the Dungeon)

   Slay:      It affects your accuracy & damage with ranged weapons and melee
   (+3).
   SInv:      It lets you see invisible.
   Will:      It increases your willpower.
 T - the +3 kite shield "Cabloapn" {SInv}
   (You bought it in a shop on level 1 of the Lair of Beasts)

   SInv:      It lets you see invisible.
Jewellery
 a - the ring "Lishrug" (right hand) {rElec rF+ Int+6 Dex+2 Slay-3}
   (You took it off a centaur warrior on level 11 of the Dungeon)

   [ring of protection from fire]

   Int:       It affects your intelligence (+6).
   Dex:       It affects your dexterity (+2).
   Slay:      It affects your accuracy & damage with ranged weapons and melee
   (-3).
   rF:        It protects you from fire.
   rElec:     It insulates you from electricity.
 k - an amulet of magic regeneration (around neck)
 w - the ring "Hoguofigoo" (left hand) {rElec rN+ AC+4}
   (You acquired it on level 6 of the Dungeon)

   [ring of protection]

   AC:        It affects your AC (+4).
   rElec:     It insulates you from electricity.
   rN:        It protects you from negative energy.
 N - the amulet "Jurch" {Acrobat rCorr}
   (You found it on level 1 of the Snake Pit)

   [amulet of the acrobat]

   It increases your evasion while moving and waiting.
   rCorr:     It protects you from acid and corrosion.
 U - the ring "Xif Ged" {Contam rElec rPois rF+ Int+2}
   (You bought it in a shop on level 1 of the Lair of Beasts)

   [ring of protection from fire]

   Int:       It affects your intelligence (+2).
   rF:        It protects you from fire.
   rElec:     It insulates you from electricity.
   rPois:     It protects you from poison.
   Contam:    It causes magical contamination when unequipped.
 W - a ring of magical power
 X - the ring "Oquokhlatu" {EV+5 Stlth+}
   (You bought it in a shop on level 1 of the Lair of Beasts)

   [ring of evasion]

   EV:        It affects your evasion (+5).
   Stlth:     It makes you more stealthy.
Wands
 E - a wand of quicksilver (21)
 F - a wand of digging (5)
 J - a wand of iceblast (3)
 O - a wand of mindburst (9)
 R - a wand of flame (38)
 Y - a wand of charming (12)
Scrolls
 c - 12 scrolls of teleportation
 o - 5 scrolls of poison
 q - 5 scrolls of vulnerability
 r - 6 scrolls of fog
 u - 5 scrolls of identify
 z - 3 scrolls of magic mapping
 A - a scroll of butterflies
 B - a scroll of silence
 C - 4 scrolls of torment
 H - a scroll of acquirement
 I - 7 scrolls of amnesia
 Q - 6 scrolls of enchant weapon
 S - 2 scrolls of enchant armour
 V - 3 scrolls of fear
Potions
 b - 3 potions of magic
 d - 7 potions of heal wounds
 g - 7 potions of haste
 i - 7 potions of lignification
 j - 4 potions of mutation
 l - 13 potions of curing
 n - 9 potions of brilliance
 p - 5 potions of might
 s - 3 potions of attraction
 t - 2 potions of cancellation
 x - 4 potions of berserk rage
 K - 2 potions of invisibility
 L - 2 potions of ambrosia
 P - 2 potions of resistance


   Skills:
 - Level 15.1 Fighting
 - Level 16.6 Dodging
 - Level 2.0 Stealth
 - Level 10.0 Shields
 - Level 16.0 Spellcasting
 + Level 16.7 Summonings


You had 17 spell levels left.
You knew the following spells:

 Your Spells              Type           Power      Damage    Failure   Level
a - Summon Small Mammal   Summ           100%       N/A       0%          1
b - Call Imp              Summ           93%        N/A       0%          2
c - Call Canine Familiar  Summ           93%        N/A       0%          3
d - Summon Guardian Gole  Hex/Summ       68%        N/A       1%          3
e - Summon Lightning Spi  Summ/Air       68%        N/A       1%          4
g - Summon Cactus Giant   Summ           46%        N/A       1%          6
h - Summon Mana Viper     Hex/Summ       68%        N/A       4%          5
i - Monstrous Menagerie   Summ           46%        N/A       4%          7

Your spell library contained the following spells:

 Spells                   Type           Power      Damage    Failure   Level
 Animate Armour           Summ/Erth      100%       N/A       1%          4
 Summon Ice Beast         Ice/Summ       68%        N/A       1%          4
 Apportation              Tloc           50%        N/A       4%          1
 Kiss of Death            Conj/Necr      100%       2d13      4%          1
 Shock                    Conj/Air       100%       1d9       4%          1
 Blink                    Tloc           50%        N/A       8%          2
 Cigotuvi's Dreadful Rot  Necr/Pois/Air  50%        N/A       8%          2
 Poisonous Vapours        Pois/Air       50%        N/A       8%          2
 Scorch                   Fire           50%        2d7       8%          2
 Sublimation of Blood     Necr           25%        N/A       8%          2
 Confusing Touch          Hex            25%        N/A       16%         3
 Gell's Gravitas          Tloc           25%        N/A       16%         3
 Hailstorm                Conj/Ice       25%        3d7       16%         3
 Ignite Poison            Fire/Tmut/Pois 25%        N/A       16%         3
 Inner Flame              Hex/Fire       25%        N/A       16%         3
 Kindle Blastsparks       Fire/Tloc/Air  50%        2d14      16%         3
 Mephitic Cloud           Conj/Pois/Air  25%        N/A       16%         3
 Stone Arrow              Conj/Erth      50%        3d10      16%         3
 Swiftness                Air            25%        N/A       16%         3
 Airstrike                Air            12%        2d(2-18)  45%         4
 Cause Fear               Hex            12%        N/A       45%         4
 Dispel Undead            Necr           25%        3d12      45%         4
 Flame Wave               Conj/Fire      25%        2d8       45%         4
 Ice Form                 Ice/Tmut       25%        N/A       45%         4
 Leda's Liquefaction      Hex/Erth       12%        N/A       45%         4
 Manifold Assault         Tloc           25%        N/A       45%         4
 Petrify                  Tmut/Erth      25%        N/A       45%         4
 Sticky Flame             Conj/Fire      25%        2d5       45%         4
 Alistair's Intoxication  Tmut/Pois      16%        N/A       80%         5
 Freezing Cloud           Conj/Ice/Air   12%        6-21      80%         5
 Irradiate                Conj/Tmut      12%        3d15      80%         5
 Storm Form               Tmut/Air       12%        N/A       100%        7
 Discord                  Hex            12%        N/A       100%        8
 Ignition                 Fire           12%        3d6       100%        8
 Lehudib's Crystal Spear  Conj/Erth      12%        10d4      100%        8
 Polar Vortex             Ice            12%        N/A       100%        9
 Simulacrum               Ice/Necr       Unusable   N/A       N/A         6

Dungeon Overview and Level Annotations

Branches:
Dungeon (15/15)            Temple (1/1) D:5            Lair (5/5) D:8
  Swamp (0/4) Lair:3        Snake (4/4) Lair:2        Slime (0/5) Lair:5
    Orc (2/2) D:12            Elf (0/3) Orc:2        Vaults (0/5) D:14
 Depths (0/4) D:15          Sewer (visited)         Volcano (visited)

Altars:
Elyvilon
Fedhas
Gozag
Nemelex Xobeh
Okawaru
Sif Muna
Uskayaw
Wu Jian
Zin
The Shining One

Shops:
D:1 [   D:8 *   Orc:2 (!=?   Lair:1 :*[**   Snake:1 *   Snake:2 :!==

Portals:
Abyss: Orc:1

Annotations:
Snake:4 Vashnia
Orc:1 2 transporters, Werytelu's ghost, journeyman HuDe


Innate Abilities, Weirdness & Mutations

You have a beak for a mouth.
You have claws for feet.
Your magical nature lets you fly swiftly and evasively.


Message History

The guardian serpent completely misses you.
The anaconda grabs you.
You stop ascending the stairs.
You block the anaconda's attack. The anaconda constricts you.
You block the anaconda's attack.
The guardian serpent coils itself and waves its upper body at you.
The bolt of poison hits you but does no damage.
You are more poisoned.
You escape the anaconda's grasp.
You feel very sick. The anaconda closely misses you.
You block the anaconda's attack. The anaconda grabs you.
You stop ascending the stairs.
The anaconda bites you but does no damage.
The anaconda constricts you.
You block the guardian serpent's attack.
The naga warrior hits you with a +0 mace.
* * * LOW HITPOINT WARNING * * *
The anaconda bites you but does no damage. x2
The anaconda constricts you.
* * * LOW HITPOINT WARNING * * *
Unknown command.
Unknown command.
Blink to where?
Press: ? - help, Dir - move target You escape the anaconda's grasp.
As you read the scroll of blinking, it crumbles to dust.
You feel very sick.
The guardian serpent coils itself and waves its upper body at you.
You resist with almost no effort.
You feel very sick.
The naga sharpshooter casts a spell.
The naga sharpshooter magically shoots a bolt.
The bolt hits you!
* * * LOW HITPOINT WARNING * * *
* * * LOW HITPOINT WARNING * * *
You feel very sick.
The naga sharpshooter gestures wildly while chanting.
The naga sharpshooter magically shoots a bolt.
The bolt hits you!
You die...
Your body crumbles into a pile of gold.

###.##.#........####.#####.######
...........[.......#.#####.##....
#..................#.......##.###
..#.#........####..#.########.#
.............##[...#.##.#####.#
....)......................##.#
#............#.....#.##.#..##.#
#.#...).....##.....#..NS#.....# #
#.#.....#.#.#...@.....#.......# #
..#.......#.###..#.#.#SS.S..#.###
#......[..).....[........ยง......'
##...#..#.#.###....######S.######
##.....#.#................# #
#.....#.#..####.N........# #
##.####.#..# #.##....##.# #
#......#..# #.##.......#
#.######..# #.##.....#.#


You could see a naga warrior, a naga sharpshooter, 2 anacondas and a guardian
serpent.

Vanquished Creatures
  A centaur warrior (D:13)
  A naga warrior (Snake:4)
  An orc high priest (Orc:2)
  A lindwurm (Lair:5)
  A cyclops (D:12)
  A salamander (Snake:4)
  An ugly thing (D:15)
  3 black mambas (Snake:4)
  An unseen horror (D:12)
  2 blink frogs
  A slime creature (D:13)
  A wyvern (D:9)
  8 yaks
  A naga (Snake:4)
  A water moccasin (Lair:5)
  An orc warrior (D:12)
  An ogre (Orc:1)
  7 wolves
  8 centaurs
  2 nameless horrors
  A bullfrog (Lair:2)
  3 killer bees
  A lava snake (Lair:5)
  3 orc priests
  An orc wizard (Orc:2)
  An adder (D:8)
  3 white imps (D:10)
  An ufetubus (D:10)
  3 orcs
  An endoplasm (D:1)
  A giant cockroach (D:1)
  A goblin (D:1)
  3 hobgoblins (D:1)
  3 jackals (D:1)
  A frilled lizard (D:1)
  3 kobolds
74 creatures vanquished.

Vanquished Creatures (collateral kills)
  Mara (Snake:4)
  Saint Roka (Orc:2)
  Rupert (Orc:2)
  The ghost of Kakkoll the Geomancer, an adept DsSu of Vehumet (Snake:1)
  Donald (Orc:2)
  The ghost of Huashrat the Severer, an adept FoFi of Okawaru (D:15)
  3 nagarajas
  Louise (Snake:1)
  Aizul (Snake:1)
  Azrael (D:14)
  A red draconian (Volcano)
  A fire dragon (Lair:5)
  12 anacondas
  An ogre mage (Volcano)
  4 hydras
  2 salamander tyrants
  A catoblepas (Lair:3)
  4 centaur warriors
  4 boulder beetles
  2 dancing weapons (D:14)
  A death yak (D:10)
  A death knight (D:14)
  6 two-headed ogres
  Urug (D:13)
  6 naga sharpshooters
  5 shock serpents
  10 naga warriors
  3 orc high priests (Orc:2)
  A storm dragon zombie (D:15)
  A fire crab (Lair:5)
  4 salamander mystics
  2 skeletal warriors (D:15)
  3 naga ritualists
  2 wizards
  A lindwurm (Lair:4)
  2 bog bodies (Lair:3)
  A phantasmal warrior (D:15)
  A deep elf pyromancer (D:10)
  A shadow dragon zombie (D:15)
  7 mana vipers
  2 orc knights (Orc:2)
  An ugly thing (D:15)
  6 orc sorcerers
  An oklob plant (Lair:5)
  A fire giant zombie (D:15)
  A moth of wrath (shapeshifter) (D:14)
  2 cyclopes
  4 manticores
  A stone giant zombie (D:15)
  Maurice (D:12)
  14 salamanders
  40 black mambas
  8 elephants
  16 naga magi
  A guardian serpent (Snake:2)
  2 molten gargoyles (Lair:5)
  A torpor snail (Lair:5)
  7 cane toads
  10 komodo dragons
  Maggie (D:7)
  4 yaktaurs (D:15)
  4 rime drakes
  4 kobold demonologists
  3 freezing wraiths
  A tengu conjurer (D:15)
  6 trolls
  2 hornets
  5 polar bears
  13 blink frogs
  A shadow (D:11)
  10 slime creatures
  4 nameless horrors
  6 wyverns
  6 basilisks
  An unseen horror simulacrum (D:10)
  29 yaks
  4 wraiths
  4 hogs (Snake:3)
  4 steam dragons
  5 fire elementals (D:14)
  4 vampire mosquitoes (D:11)
  28 nagas
  5 wargs
  12 water moccasins
  7 hell hounds
  20 orc warriors
  3 ice beasts
  2 sky beasts (D:7)
  6 black bears
  5 ogres
  13 wolves
  10 centaurs
  A phantom (D:5)
  8 kobold brigands
  8 bullfrogs
  A necrophage (D:7)
  A scorpion (D:4)
  4 wights (D:8)
  7 killer bees
  An electric eel (Lair:2)
  6 howler monkeys
  A crimson imp (D:12)
  4 lava snakes (Lair:5)
  2 hounds
  2 jellies
  19 orc priests
  A gnoll bouda (D:8)
  4 iguanas
  29 orc wizards
  4 hell rats (Lair:3)
  4 centaur simulacra
  Robin (D:2)
  12 gnolls
  6 adders
  4 river rats (Sewer)
  2 white imps
  A howler monkey simulacrum (D:10)
  4 worms
  65 orcs
  4 bats
  12 endoplasms
  3 giant cockroaches
  18 goblins
  7 hobgoblins
  2 jackals (D:1)
  6 quokkas
  6 ball pythons
  3 frilled lizards
  30 kobolds
  10 rats
757 creatures vanquished.

Vanquished Creatures (others)
  Kirke (Snake:3)
  2 anacondas
  A death knight (D:15)
  2 centaur warriors (D:11)
  A boulder beetle (D:11)
  2 two-headed ogres
  3 naga sharpshooters
  A naga ritualist (Snake:1)
  3 orc knights (Orc:2)
  A necromancer (D:15)
  2 manticores
  4 elephants
  4 ugly things
  2 black mambas
  Psyche (D:10)
  2 trolls (D:12)
  A queen bee (D:9)
  A hornet (D:8)
  3 wyverns
  A vampire (D:12)
  A shadow (D:11)
  2 hogs (Snake:3)
  A human (Snake:3)
  2 vampire mosquitoes
  A naga (Snake:1)
  An ogre (D:6)
  A centaur (D:12)
  3 kobold brigands
  2 wights (D:8)
  7 killer bees
  A howler monkey (D:6)
  2 gnoll boudas
  A gnoll (D:4)
  A white imp (D:10)
  2 orcs
  11 fungi
  22 plants
  6 withered plants (D:15)
105 creatures vanquished.

Grand Total: 936 creatures vanquished

Notes
Turn   | Place    | Note
-------+----------+-------------------------------------------
     0 | D:1      | cforsyth the Tengu Summoner began the quest for the Orb.
     0 | D:1      | Reached XP level 1. HP: 10/10 MP: 4/4
     3 | D:1      | Noticed an electric eel
     4 | D:1      | Noticed an electric eel
    70 | D:1      | Reached skill level 5 in Summonings
   185 | D:1      | Reached XP level 2. HP: 15/15 MP: 3/6
   724 | D:1      | Reached XP level 3. HP: 16/19 MP: 7/7
   805 | D:1      | Found Heddupah's Antique Armour Emporium.
   864 | D:2      | Learned a level 2 spell: Call Imp
   868 | D:2      | Learned a level 3 spell: Call Canine Familiar
   928 | D:2      | Noticed Robin
  1528 | D:2      | Reached XP level 4. HP: 24/24 MP: 6/9
  1551 | D:2      | Found a faded altar of an unknown god.
  1577 | D:2      | Learned a level 3 spell: Summon Guardian Golem
  1652 | D:2      | Killed Robin
  2567 | D:3      | Found a glowing drain.
  2575 | Sewer    | Entered a sewer
  2598 | Sewer    | Noticed a kobold brigand
  2619 | Sewer    | Killed a kobold brigand
  2620 | Sewer    | Gained mutation: Your magical nature lets you fly swiftly
                  | and evasively. [Tengu growth]
  2620 | Sewer    | Reached XP level 5. HP: 28/28 MP: 1/11
  3057 | Sewer    | Noticed a kobold brigand
  3083 | Sewer    | Killed a kobold brigand
  3084 | Sewer    | Reached XP level 6. HP: 32/32 MP: 5/13
  3494 | Sewer    | Learned a level 4 spell: Summon Lightning Spire
  3632 | Sewer    | Reached XP level 7. HP: 36/36 MP: 3/15
  3843 | Sewer    | Reached skill level 5 in Spellcasting
  5055 | D:4      | Identified the +0 chain mail "Ownupeorug" {rPois Will-
                  | Regen+ Str+5}
  5972 | D:5      | Entered Level 5 of the Dungeon
  5990 | D:5      | Reached XP level 8. HP: 41/41 MP: 10/17
  6125 | D:5      | Identified the +7 plate armour of Pleasant Breezes {rPois
                  | Int+3}
  6376 | D:5      | Found a staircase to the Ecumenical Temple.
  6420 | Temple   | Entered the Ecumenical Temple
  6454 | Temple   | Became a worshipper of Gozag Ym Sagoz the Greedy
  6782 | D:6      | Identified 2 scrolls of acquirement
  6782 | D:6      | Acquired the ring "Hoguofigoo" {rElec rN+ AC+4}
  7000 | D:6      | Reached skill level 10 in Summonings
  7529 | D:6      | Reached XP level 9. HP: 43/45 MP: 12/21
  7690 | D:7      | Found a hide-covered altar of Uskayaw.
  7691 | D:7      | Acquired the +2 pair of gloves of Unreason {rF+ Int+3}
  7694 | D:7      | Noticed Maggie
  7995 | D:7      | Killed Maggie
  9601 | D:8      | Found a staircase to the Lair.
  9715 | D:8      | Noticed a two-headed ogre
  9746 | D:8      | Killed a two-headed ogre
  9747 | D:8      | Reached XP level 10. HP: 39/50 MP: 4/24
 10555 | D:8      | Found Woymom Xoagh's Serpentskin Sales.
 10568 | D:8      | Reached skill level 10 in Spellcasting
 10791 | D:9      | Paralysed by a hornet for 2 turns
 11426 | D:9      | Noticed a kobold demonologist
 11437 | D:9      | Killed a kobold demonologist
 11737 | D:9      | Reached XP level 11. HP: 54/54 MP: 8/26
 11956 | D:10     | Entered Level 10 of the Dungeon
 11960 | D:10     | Identified the +2 morningstar of the Shrinking Gods
                  | {freeze, *Slow MP+9 Int+3}
 12078 | D:10     | Reached skill level 1 in Fighting
 12756 | D:10     | Noticed Psyche
 12773 | D:10     | Killed Psyche
 12964 | D:10     | Found a runed translucent door.
 12964 | D:10     | Noticed a deep elf pyromancer
 12997 | D:10     | Noticed a death yak
 13023 | D:10     | Killed a death yak
 13024 | D:10     | Reached skill level 5 in Dodging
 13590 | D:11     | Reached skill level 5 in Fighting
 13598 | D:11     | Noticed a two-headed ogre
 13606 | D:11     | Killed a two-headed ogre
 13607 | D:11     | Noticed a centaur warrior
 13608 | D:11     | Noticed a manticore
 13621 | D:11     | Killed a centaur warrior
 13640 | D:11     | Killed a manticore
 13660 | D:11     | Reached XP level 12. HP: 71/71 MP: 6/27
 13713 | D:11     | Identified the ring "Lishrug" {rElec rF+ Int+6 Dex+2
                  | Slay-3}
 13713 | D:11     | Noticed a centaur warrior
 13721 | D:11     | Killed a centaur warrior
 14135 | D:11     | Got the Secrets of Beguiling and Transposition
 14515 | D:11     | Noticed a centaur warrior
 14568 | D:11     | Killed a centaur warrior
 14904 | D:11     | Noticed a boulder beetle
 14943 | D:11     | Killed a boulder beetle
 15399 | D:12     | Noticed Maurice
 15465 | D:12     | Killed Maurice
 15466 | D:12     | Reached skill level 10 in Dodging
 15823 | D:12     | Learned a level 6 spell: Summon Cactus Giant
 16100 | D:12     | Found a staircase to the Orcish Mines.
 16241 | D:12     | Reached XP level 13. HP: 82/82 MP: 14/28
 16638 | Lair:1   | Entered Level 1 of the Lair of Beasts
 16644 | Lair:1   | Reached skill level 10 in Fighting
 17469 | Lair:1   | Bought a scorched kite shield for 294 gold pieces
 17469 | Lair:1   | Identified the +3 kite shield "Cabloapn" {SInv} (You bought
                  | it in a shop on level 1 of the Lair of Beasts)
 17471 | Lair:1   | Bought a clouded steel ring for 160 gold pieces
 17471 | Lair:1   | Identified the ring "Xif Ged" {Contam rElec rPois rF+
                  | Int+2} (You bought it in a shop on level 1 of the Lair of
                  | Beasts)
 17692 | Lair:2   | Reached skill level 1 in Shields
 18133 | Lair:2   | Found a staircase to the Snake Pit.
 18478 | Lair:3   | Reached skill level 5 in Shields
 18606 | Lair:3   | Found a staircase to the Swamp.
 18857 | Lair:3   | Identified the +5 quarterstaff of Classification {freeze,
                  | rPois Stlth+}
 19560 | Lair:1   | Bought a masterwork mace for 232 gold pieces
 19560 | Lair:1   | Identified the +9 mace of Tuhasor {flame, rC+++ Will- rCorr
                  | Str-2} (You bought it in a shop on level 1 of the Lair of
                  | Beasts)
 19560 | Lair:1   | Bought a smoking lead ring for 145 gold pieces
 19560 | Lair:1   | Identified the ring "Oquokhlatu" {EV+5 Stlth+} (You bought
                  | it in a shop on level 1 of the Lair of Beasts)
 19758 | Lair:4   | Found a dark tunnel.
 19771 | Volcano  | Entered a volcano
 20108 | Volcano  | Reached XP level 14. HP: 62/88 MP: 17/29
 20198 | Volcano  | Noticed a red draconian
 20216 | Volcano  | Killed a red draconian
 20382 | Volcano  | Reached skill level 10 in Shields
 21600 | Lair:5   | Entered Level 5 of the Lair of Beasts
 21915 | Lair:5   | Found a runed translucent door.
 21927 | Lair:5   | Found a staircase to the Slime Pits.
 22256 | Lair:5   | Found a large runed translucent door.
 22257 | Lair:5   | Found a large runed translucent door.
 23952 | Lair:5   | Identified the +6 dagger "Ekaq" {flame, rElec Will+++
                  | Dex-5}
 24660 | Orc:1    | Entered Level 1 of the Orcish Mines
 24906 | Orc:1    | Found a one-way gate to the infinite horrors of the Abyss.
 24906 | Orc:1    | Noticed Werytelu's ghost (journeyman HuDe)
 24927 | Orc:1    | Found a transporter.
 24934 | Orc:1    | Found a transporter.
 25240 | Orc:1    | Noticed an orc warlord
 25479 | Orc:2    | Entered Level 2 of the Orcish Mines
 25496 | Orc:2    | Reached XP level 15. HP: 60/97 MP: 16/30
 25503 | Orc:2    | Noticed Saint Roka
 25837 | Orc:2    | Killed Saint Roka
 26134 | Orc:2    | Found a staircase to the Elven Halls.
 26263 | Orc:2    | Noticed Rupert
 26272 | Orc:2    | Killed Rupert
 26842 | Orc:2    | Noticed Donald
 26852 | Orc:2    | Killed Donald
 27588 | Orc:2    | Found Jiocops's Antique Weapon Emporium.
 27595 | Orc:2    | Found Fyif's Jewellery Boutique.
 27602 | Orc:2    | Found Kiodog's Magic Scroll Boutique.
 27604 | Orc:2    | Found Alirea's Distillery.
 27610 | Orc:2    | Bought a scroll of acquirement for 572 gold pieces
 28896 | D:13     | Noticed Urug
 28904 | D:13     | Killed Urug
 29195 | D:13     | Identified the +4 mace "Ragyibb" {drain, rCorr Str+3}
 29493 | D:14     | Noticed Azrael
 29800 | D:14     | Found the +5 demon whip "Spellbinder" {antimagic, disrupt,
                  | Will+}
 29945 | D:14     | Killed Azrael
 30360 | D:14     | Found a gate to the Vaults.
 30787 | D:15     | Entered Level 15 of the Dungeon
 31141 | D:15     | Found an ornate altar of the Wu Jian Council.
 31408 | D:15     | Reached XP level 16. HP: 103/103 MP: 35/35
 31411 | D:15     | Found a staircase to the Depths.
 31792 | D:15     | Found the +0 mask of the Dragon {Will+ Slay+3 SInv}
 32056 | D:15     | Found a runed translucent door.
 32060 | D:15     | Noticed Huashrat's ghost (adept FoFi)
 32545 | D:15     | Killed Huashrat's ghost
 32582 | D:15     | Identified the +5 morningstar "Zexteod" {flame, rN+}
 32827 | Snake:1  | Entered Level 1 of the Snake Pit
 33029 | Snake:1  | Found a runed translucent door.
 33029 | Snake:1  | Noticed Kakkoll's ghost (adept DsSu)
 33463 | Snake:1  | Identified the +0 robe "Deahil" {Harm *Corrode Drain
                  | Archmagi}
 33529 | Snake:1  | Noticed Aizul
 33550 | Snake:1  | Killed Aizul
 33728 | Snake:1  | Upgraded the game from 0.30-a0-778-g2ef04afb54 to
                  | 0.30-a0-779-g7971cf19c3
 33978 | Snake:1  | Reached skill level 15 in Dodging
 34093 | Snake:1  | Identified the amulet "Jurch" {Acrobat rCorr}
 34124 | Snake:1  | Found Pahebbo's General Store.
 34124 | Snake:1  | Noticed Louise
 34148 | Snake:1  | Killed Louise
 35008 | Snake:1  | Killed Kakkoll's ghost
 35040 | Snake:1  | Identified the ring of Aweviobe {Str+6 Dex+6 SInv Stlth-}
 35229 | Snake:2  | Noticed a nagaraja
 35240 | Snake:2  | Killed a nagaraja
 36036 | Snake:2  | Found Zadon's Jewellery Shop.
 36038 | Snake:2  | Found Joifel's Jewellery Shop.
 36038 | Snake:2  | Found Uprohato's Book Boutique.
 36041 | Snake:2  | Found Iduudyme's Distillery.
 36052 | Snake:2  | Bought a book of Beasts for 722 gold pieces
 36060 | Snake:2  | Learned a level 7 spell: Monstrous Menagerie
 36066 | Snake:2  | Learned a level 5 spell: Summon Mana Viper
 36643 | Snake:2  | Reached skill level 15 in Fighting
 36842 | Snake:2  | Reached XP level 17. HP: 113/113 MP: 30/36
 38065 | Snake:3  | Noticed Kirke
 38069 | Snake:3  | Reached skill level 15 in Spellcasting
 38086 | Snake:3  | Killed Kirke
 38087 | Snake:3  | Reached skill level 15 in Summonings
 39577 | Snake:4  | Entered Level 4 of the Snake Pit
 39978 | Snake:4  | Noticed Mara
 39982 | Snake:4  | Noticed cforsyth's illusion
 40009 | Snake:4  | Killed Mara
 40233 | Snake:4  | Noticed Vashnia
 41806 | Snake:4  | HP: 5/113 [poisoned by a guardian serpent (bolt of poison)]
 41806 | Snake:4  | Shot with a bolt by a naga sharpshooter

Illustrated notes

Levels and vault maps discovered:
D:1:      arrival_aquarium_b, layout_basic, serial_shops,
          nicolae_lakefront_shop, chequers_garden, st_stairs_12
D:2:      layout_basic, basic_ecumenical_altar, dreamdust_wishing_well,
          dk_noncrumbling_3, hangedman_abyss_or_decor_stabs,
          minmay_goblin_kobold_house, uniq_robin
D:3:      layout_rooms, portal_sewer_entry_b, minmay_quadrilaterals
D:4:      layout_basic
D:5:      layout_rooms, minmay_temple_entry_mist
D:6:      layout_rooms
D:7:      layout_layer_cave, mainiacjoe_overflow_brackets,
          kennysheep_generic_room_15, uniq_maggie
D:8:      layout_loops_ring, lair_entry_dummy, st_stairs_11, guppyfry_shop_venom
D:9:      layout_roguey, minmay_misc_feat_pillars, nicolae_looking_at_the_future
D:10:     layout_roguey, serial_ice, serial_ice_i, serial_ice_f, serial_ice_h,
          serial_ice_o, minmay_st_funbox, uniq_psyche
D:11:     minmay_the_grid_octo_triangle [minmay_the_grid_octo_clover,
          minmay_the_grid_octo_prize_star, minmay_the_grid_octo_checkerflower],
          layout_cave_pods, minmay_unpleasant_kobolds
D:12:     layout_roguey, minmay_orc_entry_guard_dogs, lightli_wizard_tower,
          uniq_maurice
D:13:     layout_roguey, serial_glass, glass_columns_b, glass_columns_c,
          uniq_urug
D:14:     layout_basic, erik_vaults_1, patterned_corridor,
          minmay_variable_closet, uniq_azrael
D:15:     gammafunk_depths_entry_grave, layout_gridville,
          ebering_ghost_reflecting_pool, nicolae_wu_jian_wuxing_cycle,
          chequers_serial_rivers_micro_e, lemuel_nasty_fountain
Temple:   nicolae_temple_bog_church
Lair:1:   layout_misc_corridors
Lair:2:   layout_long_grid, minmay_snake_entry_guardpost_medium,
          serial_bayou_pond_c, infiniplex_staircase_pool, serial_bayou_shore_a,
          lemuel_fruit_tree
Lair:3:   beast_lair_carwin_large_1, layout_cave_shapes,
          skrybe_swamp_entry_bodies
Lair:4:   layout_loops_ring, nicolae_volcano_entry_vermiform, grunt_megastairs_1
Lair:5:   cheibrodos_lair_end_hotspot, layout_regular_city, slime_entry_2
Snake:1:  layout_grid_maze, serial_shops, nicolae_shop_window_shopping,
          ebering_ghost_inner_flame, uniq_aizul, uniq_louise
Snake:2:  layout_layer_cave, corexii_hall_statues_l, nicolae_snake_omega,
          grunt_megastairs_5, minmay_shoptagon
Snake:3:  layout_grid_maze, uniq_kirke
Snake:4:  grunt_snake_rune_pools, layout_basic, nicolae_coiled_stairwell_up,
          uniq_vashnia, uniq_mara
Orc:1:    layout_caves, gammafunk_ghost_abyssal_escape
Orc:2:    st_orc_elflike, layout_caves, uniq_rupert, uniq_saint_roka,
          uniq_donald

Skill      XL: |  1  2  3  4  5  6  7  8  9 10 11 12 13 14 15 16 17 |
---------------+----------------------------------------------------+-----
Summonings     | 5 6 7 8 10 12 14 16 | 16.7
Spellcasting   | 3 4 5 7 9 10 14 16 | 16.0
Fighting       | 6 9 10 12 15 | 15.1
Dodging        | 7 11 12 14 16 | 16.6
Shields        | 9 10 | 10.0
Stealth        | |  2.0

Action                     |  1- 3 |  4- 6 |  7- 9 | 10-12 | 13-15 | 16-18 || total
---------------------------+-------+-------+-------+-------+-------+-------++-------
  Melee: Unarmed           |    51 |       |    26 |       |       |       ||    77
         Peck              |    11 |       |     7 |    30 |    52 |    18 ||   118
         Kick              |    15 |       |    12 |    47 |    87 |    27 ||   188
         War axe           |       |       |       |   113 |   131 |       ||   244
         Dagger            |       |       |       |       |    65 |    75 ||   140
   Cast: Summon Small Mamm |    27 |    22 |    60 |    12 |     4 |     4 ||   129
         Call Canine Famil |     9 |    22 |    45 |    53 |    64 |    49 ||   242
         Call Imp          |     2 |    10 |    31 |    10 |     8 |     2 ||    63
         Summon Guardian G |       |     2 |    13 |    43 |    44 |    45 ||   147
         Summon Lightning  |       |       |     3 |    24 |    50 |    44 ||   121
         Summon Cactus Gia |       |       |       |     8 |   141 |   105 ||   254
         Summon Mana Viper |       |       |       |       |       |    45 ||    45
         Monstrous Menager |       |       |       |       |       |     4 ||     4
 Invoke: Call Merchant     |       |       |       |       |     5 |       ||     5
    Use: Scroll            |       |     7 |    15 |     4 |     8 |     2 ||    36
         Potion            |       |       |     4 |     1 |       |     1 ||     6
   Stab: Distracted        |     1 |       |       |       |     3 |     2 ||     6
 Armour: Robe              |    17 |     2 |    16 |       |       |       ||    35
         Leather armour    |       |       |       |   100 |    70 |    55 ||   225
  Dodge: Dodged            |    38 |    13 |    59 |   215 |   280 |   156 ||   761
         Repelled          |       |       |       |       |     1 |    15 ||    16
  Block: Other             |       |       |     7 |       |       |       ||     7
         Reflection        |       |       |     2 |    14 |     5 |       ||    21
         Orb               |       |       |     4 |    73 |    32 |       ||   109
         Kite shield       |       |       |       |       |   281 |   170 ||   451

Table legend: (Time is in decaauts)
 A = Elapsed time spent in this place.
 B = Non-inter-level travel time spent in this place.
 C = Inter-level travel time spent in this place.
 D = Time resting spent in this place.
 E = Time spent auto-exploring this place.
 F = Levels seen in this place.
 G = Mean time per level.
                   A        B        C        D        E       F      G
               +--------+--------+--------+--------+--------+-----+--------+
         Total |  40100 |  38429 |   1671 |   6130 |  23835 |  29 | 1382.8 |
       Dungeon |  19273 |  18172 |   1101 |   2579 |  11532 |  15 | 1284.9 |
        Temple |     39 |     31 |      8 |      0 |     18 |   1 |   39.0 |
          Lair |   7028 |   6654 |    374 |    306 |   4909 |   5 | 1405.6 |
     Snake Pit |   8575 |   8464 |    111 |   2263 |   4484 |   4 | 2143.8 |
  Orcish Mines |   2970 |   2894 |     76 |    362 |   1893 |   2 | 1485.0 |
         Sewer |   1414 |   1414 |      0 |    300 |    705 |   1 | 1414.0 |
       Volcano |    798 |    798 |      0 |    319 |    291 |   1 |  798.0 |
               +--------+--------+--------+--------+--------+-----+--------+

Top non-repeatable levels by time:
  Lair:5: 2863 daAuts
 Snake:1: 2602 daAuts
 Snake:2: 2382 daAuts
    D:10: 2104 daAuts
 Snake:3: 1898 daAuts
    D:11: 1797 daAuts
    D:15: 1736 daAuts
   Orc:2: 1726 daAuts
 Snake:4: 1690 daAuts
     D:8: 1502 daAuts
     D:2: 1431 daAuts
   Sewer: 1414 daAuts
     D:7: 1381 daAuts
   Orc:1: 1243 daAuts
     D:9: 1243 daAuts
